Connexion

DETROIT Red Wings vs OTTAWA Senators

Created - 28 janvier 2024 at 05:53

Goals
1 2 3 OT1 SO T
DETROIT Red Wings 4 0 2 0 2 7
OTTAWA Senators 4 1 1 0 1 6
Shots
1 2 3 OT1 SO T
DETROIT Red Wings 12 6 12 5 5 35
OTTAWA Senators 10 13 6 1 5 30

GoalsPenalties
1st period
1. OTTAWA Senators , Robert Thomas 6 (Barrett Hayton 4, Cale Makar 48) at 7:08
2. OTTAWA Senators , Martin Necas 24 (Cale Makar 49, Charlie McAvoy 44) at 8:23
3. DETROIT Red Wings , Devon Toews 8 (Erik Karlsson 31, Mikko Rantanen 26) at 13:44
4. OTTAWA Senators , Cale Makar 16 (Charlie McAvoy 45) at 15:11 (SH)
5. DETROIT Red Wings , Erik Karlsson 11 (Mikko Rantanen 27, Mark Stone 17) at 16:27 (PP)
6. DETROIT Red Wings , Gabriel Landeskog 9 (Sami Niku 11, Mike Amadio 11) at 16:59
7. OTTAWA Senators , Adrian Kempe 22 (Martin Necas 22, Zach Werenski 35) at 17:35
8. DETROIT Red Wings , Drake Batherson 18 (Mikko Rantanen 28, Morgan Rielly 37) at 17:55
Adrian Kempe (OTT) for Slashing (Minor) at 3:24
Steven Stamkos (OTT) for Tripping (Minor) at 14:01
Barrett Hayton (OTT) for Slashing (Minor) at 16:10
2nd period
9. OTTAWA Senators , Alex Tuch 26 (Charlie McAvoy 46, Steven Stamkos 35) at 7:43
3rd period
10. DETROIT Red Wings , Devon Toews 9 (Nathan Mackinnon 27, Erik Karlsson 32) at 1:57
11. OTTAWA Senators , Adrian Kempe 23 (Martin Necas 23, Evan Bouchard 19) at 2:52
12. DETROIT Red Wings , Jake Bean 4 (Nathan Mackinnon 28, Morgan Rielly 38) at 13:18 (PP)
Travis Sanheim (OTT) for Tripping (Minor) at 11:53
Alex Tuch (OTT) for Delaying the game (Minor) at 17:35
Overtime #1
No Goal
Shootout
DETROIT Red Wings, Jamie Benn - Stopped by Connor Hellebuyck
OTTAWA Senators, John Tavares - Stopped by Elvis Merzlikins
DETROIT Red Wings, Nathan Mackinnon - Goal!
OTTAWA Senators, Alex Tuch - Stopped by Elvis Merzlikins
DETROIT Red Wings, Chris Kreider - Shot Misses the Net
OTTAWA Senators, Martin Necas - Goal!
DETROIT Red Wings, Drake Batherson - Shot Misses the Net
OTTAWA Senators, Steven Stamkos - Shot Misses the Net
DETROIT Red Wings, Mark Stone - Goal!
OTTAWA Senators, Adrian Kempe - Stopped by Elvis Merzlikins
Goalie Stats
Elvis Merzlikins (DET), 24 saves from 30 shots - (0,800), W, 22-29-2, 65:00 minutes
Connor Hellebuyck (OTT), 29 saves from 35 shots - (0,829), OTL, 27-19-5, 65:00 minutes
3 StarsOfficial
1 - Cale Makar (OTT)
2 - Martin Necas (OTT)
3 - Devon Toews (DET)
Referees : Dean Morton and Stephane Auger
Linesman : David Brisebois and Derek Amell
Game Note
No Game Note
Finance
Level 1 -- Attendance: 5780 (96,33%) -- Ticket Income $722,500
Level 2 -- Attendance: 6031 (98,02%) -- Ticket Income $392,015
Level 3 -- Attendance: 2000 (100,00%) -- Ticket Income $100,000
Level 4 -- Attendance: 3048 (76,20%) -- Ticket Income $121,920
Luxury Box -- Attendance: 1000 (100,00%) -- Ticket Income $240,000
Game was played at the Scotiabank Place.
Total Attendance: 17859 (93,24%)
Total Ticket Income: $1,576,435
Other Income: $315,287
Total Income: $1,891,722



Team Name Goals Shots Shots Attemp Shots Blocked PIM HIT PP PK FO%
DETROIT Red Wings 7356770202 / 5 (40%)044%
OTTAWA Senators 63050610180 / 0 (0,00%256%

DETROIT Red Wings
Player Name POS G A P +/- PIM HIT SHT SB MP PP MP PP SHT PK MP PK SHT FO% FOT
Ben MeyersC/LW000000000:000:0000:0000% 0
Chris KreiderLW/RW0000020023:144:0600:000100% 3
Devon ToewsD2020013024:363:5300:0000% 0
Drake BathersonC/RW1011042022:253:3300:00038% 26
Erik KarlssonD1230003224:033:5330:0000% 0
Gabriel LandeskogLW/RW101-1032016:580:0000:0000% 2
Jake BeanD101-1005124:273:4640:0000% 0
Jamie BennC/LW000-2011125:374:0600:00063% 27
Mark StoneRW0111001020:193:3300:0000% 0
Mike AmadioC/LW/RW011-1001014:040:0000:00020% 15
Mikko RantanenC/LW/RW0331016023:133:3310:00043% 7
Morgan RiellyD022-1032021:453:4610:0000% 0
Nathan MackinnonC/RW0220021123:144:0610:000100% 1
Noah GregorC000-200002:230:0000:00033% 6
Sami NikuD011-1001115:570:0000:0000% 0
Tanner JeannotLW/RW000-201002:230:0000:0000% 1
Valeri NichushkinLW/RW000-1017116:100:0000:0000% 0
Zach WhitecloudD000-1010014:120:0000:0000% 0
OTTAWA Senators
Player Name POS G A P +/- PIM HIT SHT SB MP PP MP PP SHT PK MP PK SHT FO% FOT
Adrian KempeC/LW/RW2022205018:400:0000:11050% 2
Alex TuchC/RW1010206123:250:0003:340100% 1
Alexander EdlerD0000030014:580:0000:1500% 0
Barrett HaytonC/LW0110211011:260:0000:0000% 0
Blake ComeauLW/RW000003107:070:0002:1600% 2
Cale MakarD1233021226:490:0004:2610% 0
Charlie McAvoyD0333001023:510:0004:2600% 0
Evan BouchardD0110000014:430:0000:0000% 0
Filip ChytilC0000002011:270:0000:00050% 14
John TavaresC0000013127:420:0005:09053% 32
Josh NorrisC0002000018:540:0000:24068% 22
Mark KastelicC000000004:510:0000:00056% 9
Martin NecasC/RW1232002017:370:0001:2600% 1
Owen TippettLW/RW000000104:510:0000:0000% 0
Robert ThomasC/RW1010004011:270:0000:0000% 0
Steven StamkosC/LW/RW011-1232024:500:0002:18060% 5
Travis SanheimD000-1221223:120:0002:5800% 0
Zach WerenskiD011-1030021:260:0003:1300% 0



Play-by-Play

1st period


0:01 of 1st period - Jamie Benn wins face-off versus John Tavares in neutral zone.
0:06 of 1st period - Shot by Nathan Mackinnon.
0:06 of 1st period - Shot Misses the Net.
0:08 of 1st period - Shot by Devon Toews.
0:08 of 1st period - Shot Hit the Post.
0:24 of 1st period - Shot by Jamie Benn.
0:24 of 1st period - Stopped by Connor Hellebuyck without a rebound.
0:25 of 1st period - Josh Norris wins face-off versus Drake Batherson in OTTAWA Senators zone.
0:32 of 1st period - Shot by Martin Necas.
0:32 of 1st period - Deflect By Adrian Kempe.
0:32 of 1st period - Stopped by Elvis Merzlikins without a rebound.
0:33 of 1st period - Filip Chytil wins face-off versus Mike Amadio in DETROIT Red Wings zone.
0:57 of 1st period - Mike Amadio is hit by Barrett Hayton and loses puck.
1:22 of 1st period - Alexander Edler is hit by Valeri Nichushkin and loses puck.
1:32 of 1st period - Robert Thomas is hit by Drake Batherson and loses puck.
1:42 of 1st period - Icing by Jake Bean.
1:43 of 1st period - Josh Norris wins face-off versus Drake Batherson in DETROIT Red Wings zone.
1:47 of 1st period - Adrian Kempe is hit by Morgan Rielly and loses puck.
1:52 of 1st period - Shot by Martin Necas.
1:52 of 1st period - Stopped by Elvis Merzlikins without a rebound.
1:53 of 1st period - Jamie Benn wins face-off versus John Tavares in DETROIT Red Wings zone.
2:22 of 1st period - Shot by Erik Karlsson.
2:22 of 1st period - Shot Misses the Net.
2:24 of 1st period - Shot by Jamie Benn.
2:24 of 1st period - Shot Misses the Net.
2:26 of 1st period - Shot by Erik Karlsson.
2:26 of 1st period - Deflect By Jamie Benn.
2:26 of 1st period - Shot Misses the Net.
2:51 of 1st period - Off-side.
2:52 of 1st period - Josh Norris wins face-off versus Drake Batherson in neutral zone.
3:24 of 1st period - Minor Penalty to Adrian Kempe for Slashing.
3:25 of 1st period - John Tavares wins face-off versus Jamie Benn in OTTAWA Senators zone.
3:35 of 1st period - Shot by Erik Karlsson.
3:35 of 1st period - Stopped by Connor Hellebuyck without a rebound.
3:36 of 1st period - John Tavares wins face-off versus Drake Batherson in OTTAWA Senators zone.
4:08 of 1st period - Shot by Jake Bean.
4:08 of 1st period - Stopped by Connor Hellebuyck without a rebound.
4:09 of 1st period - Jamie Benn wins face-off versus Martin Necas in OTTAWA Senators zone.
5:32 of 1st period - Alexander Edler is hit by Gabriel Landeskog and loses puck.
5:53 of 1st period - Shot by Gabriel Landeskog.
5:53 of 1st period - Stopped by Connor Hellebuyck without a rebound.
5:54 of 1st period - Josh Norris wins face-off versus Noah Gregor in OTTAWA Senators zone.
6:11 of 1st period - Shot by Adrian Kempe.
6:11 of 1st period - Shot Misses the Net.
7:08 of 1st period - Shot by Robert Thomas.
7:08 of 1st period - Goal by Robert Thomas - DETROIT Red Wings : 0 - OTTAWA Senators : 1.
7:09 of 1st period - Drake Batherson wins face-off versus John Tavares in neutral zone.
7:09 of 1st period - Mikko Rantanen is hit by Steven Stamkos and loses puck.
8:08 of 1st period - Off-side.
8:09 of 1st period - Josh Norris wins face-off versus Gabriel Landeskog in neutral zone.
8:23 of 1st period - Shot by Martin Necas.
8:23 of 1st period - Goal by Martin Necas - DETROIT Red Wings : 0 - OTTAWA Senators : 2.
8:24 of 1st period - Chris Kreider wins face-off versus Mark Kastelic in neutral zone.
8:24 of 1st period - Chris Kreider is hit by Blake Comeau.
9:13 of 1st period - Icing by Jamie Benn.
9:14 of 1st period - Jamie Benn wins face-off versus John Tavares in DETROIT Red Wings zone.
9:14 of 1st period - Jamie Benn is hit by John Tavares.
10:08 of 1st period - Mikko Rantanen is hit by Steven Stamkos and loses puck.
10:38 of 1st period - Jake Bean is hit by Travis Sanheim and loses puck.
10:43 of 1st period - Shot by Gabriel Landeskog.
10:43 of 1st period - Shot Misses the Net.
10:45 of 1st period - Shot by Valeri Nichushkin.
10:45 of 1st period - Shot Misses the Net.
10:47 of 1st period - Shot by Valeri Nichushkin.
10:47 of 1st period - Stopped by Connor Hellebuyck without a rebound.
10:48 of 1st period - Chris Kreider wins face-off versus Filip Chytil in OTTAWA Senators zone.
11:22 of 1st period - Shot by Robert Thomas.
11:22 of 1st period - Deflect By Filip Chytil.
11:22 of 1st period - Stopped by Elvis Merzlikins with a rebound.
11:48 of 1st period - Shot by Martin Necas.
11:48 of 1st period - Shot Blocked by Sami Niku.
11:50 of 1st period - Shot by Martin Necas.
11:50 of 1st period - Shot Blocked by Jamie Benn.
12:16 of 1st period - Shot by Adrian Kempe.
12:16 of 1st period - Stopped by Elvis Merzlikins without a rebound.
12:17 of 1st period - Drake Batherson wins face-off versus John Tavares in DETROIT Red Wings zone.
12:42 of 1st period - Shot by Devon Toews.
12:42 of 1st period - Stopped by Connor Hellebuyck without a rebound.
12:43 of 1st period - Mike Amadio wins face-off versus Filip Chytil in OTTAWA Senators zone.
12:46 of 1st period - Shot by Valeri Nichushkin.
12:46 of 1st period - Shot Misses the Net.
12:53 of 1st period - Valeri Nichushkin is hit by Alexander Edler and loses puck.
13:44 of 1st period - Shot by Devon Toews.
13:44 of 1st period - Goal by Devon Toews - DETROIT Red Wings : 1 - OTTAWA Senators : 2.
13:45 of 1st period - John Tavares wins face-off versus Drake Batherson in neutral zone.
14:01 of 1st period - Minor Penalty to Steven Stamkos for Tripping.
14:02 of 1st period - Jamie Benn wins face-off versus John Tavares in OTTAWA Senators zone.
14:56 of 1st period - Charlie McAvoy is hit by Mikko Rantanen and loses puck.
15:11 of 1st period - Shot by Cale Makar.
15:11 of 1st period - Goal by Cale Makar - DETROIT Red Wings : 1 - OTTAWA Senators : 3.
15:12 of 1st period - Drake Batherson wins face-off versus John Tavares in neutral zone.
15:17 of 1st period - Shot by Mikko Rantanen.
15:17 of 1st period - Stopped by Connor Hellebuyck without a rebound.
15:18 of 1st period - Jamie Benn wins face-off versus John Tavares in OTTAWA Senators zone.
15:19 of 1st period - Shot by Nathan Mackinnon.
15:19 of 1st period - Shot Misses the Net.
15:27 of 1st period - Shot by Nathan Mackinnon.
15:27 of 1st period - Shot Blocked by Alex Tuch.
15:29 of 1st period - Shot by Morgan Rielly.
15:29 of 1st period - Shot Blocked by John Tavares.
16:00 of 1st period - Cale Makar is hit by Devon Toews and loses puck.
16:10 of 1st period - Minor Penalty to Barrett Hayton for Slashing.
16:11 of 1st period - John Tavares wins face-off versus Drake Batherson in OTTAWA Senators zone.
16:11 of 1st period - John Tavares is hit by Drake Batherson.
16:25 of 1st period - Shot by Erik Karlsson.
16:25 of 1st period - Stopped by Connor Hellebuyck with a rebound.
16:27 of 1st period - Shot by Erik Karlsson.
16:27 of 1st period - Goal by Erik Karlsson - DETROIT Red Wings : 2 - OTTAWA Senators : 3.
16:28 of 1st period - Josh Norris wins face-off versus Mike Amadio in neutral zone.
16:46 of 1st period - Valeri Nichushkin is hit by Zach Werenski and loses puck.
16:57 of 1st period - Shot by Gabriel Landeskog.
16:57 of 1st period - Shot Misses the Net.
16:59 of 1st period - Shot by Gabriel Landeskog.
16:59 of 1st period - Goal by Gabriel Landeskog - DETROIT Red Wings : 3 - OTTAWA Senators : 3.
17:00 of 1st period - Jamie Benn wins face-off versus Mark Kastelic in neutral zone.
17:11 of 1st period - Off-side.
17:12 of 1st period - Drake Batherson wins face-off versus John Tavares in neutral zone.
17:23 of 1st period - Shot by Steven Stamkos.
17:23 of 1st period - Stopped by Elvis Merzlikins without a rebound.
17:24 of 1st period - Josh Norris wins face-off versus Jamie Benn in DETROIT Red Wings zone.
17:35 of 1st period - Shot by Adrian Kempe.
17:35 of 1st period - Goal by Adrian Kempe - DETROIT Red Wings : 3 - OTTAWA Senators : 4.
17:36 of 1st period - Drake Batherson wins face-off versus John Tavares in neutral zone.
17:55 of 1st period - Shot by Drake Batherson.
17:55 of 1st period - Goal by Drake Batherson - DETROIT Red Wings : 4 - OTTAWA Senators : 4.
17:56 of 1st period - Jamie Benn wins face-off versus Josh Norris in neutral zone.
19:01 of 1st period - Charlie McAvoy is hit by Chris Kreider and loses puck.
19:34 of 1st period - Shot by Alex Tuch.
19:34 of 1st period - Stopped by Elvis Merzlikins with a rebound.
19:36 of 1st period - Shot by Charlie McAvoy.
19:36 of 1st period - Shot Misses the Net.
19:38 of 1st period - Shot by John Tavares.
19:38 of 1st period - Shot Misses the Net.
Goals for this period are 4 for DETROIT Red Wings vs 4 for OTTAWA Senators.
Shots for this period are 12 for DETROIT Red Wings vs 10 for OTTAWA Senators.

2nd period


0:01 of 2nd period - Jamie Benn wins face-off versus John Tavares in neutral zone.
1:30 of 2nd period - Drake Batherson is hit by Travis Sanheim and loses puck.
1:36 of 2nd period - Off-side.
1:37 of 2nd period - Filip Chytil wins face-off versus Mike Amadio in neutral zone.
2:04 of 2nd period - Shot by Filip Chytil.
2:04 of 2nd period - Deflect By Barrett Hayton.
2:04 of 2nd period - Shot Misses the Net.
2:12 of 2nd period - Barrett Hayton is hit by Gabriel Landeskog and loses puck.
2:44 of 2nd period - Icing by Alexander Edler.
2:45 of 2nd period - Filip Chytil wins face-off versus Drake Batherson in OTTAWA Senators zone.
2:47 of 2nd period - Icing by Evan Bouchard.
2:48 of 2nd period - Jamie Benn wins face-off versus Filip Chytil in OTTAWA Senators zone.
3:59 of 2nd period - Shot by Mark Stone.
3:59 of 2nd period - Stopped by Connor Hellebuyck without a rebound.
4:00 of 2nd period - Alex Tuch wins face-off versus Mike Amadio in OTTAWA Senators zone.
4:00 of 2nd period - Alex Tuch is hit by Gabriel Landeskog.
4:26 of 2nd period - Alex Tuch is hit by Zach Whitecloud and loses puck.
4:29 of 2nd period - Shot by John Tavares.
4:29 of 2nd period - Stopped by Elvis Merzlikins without a rebound.
4:30 of 2nd period - Josh Norris wins face-off versus Drake Batherson in DETROIT Red Wings zone.
4:35 of 2nd period - Shot by Josh Norris.
4:35 of 2nd period - Shot Misses the Net.
4:38 of 2nd period - Icing by Morgan Rielly.
4:39 of 2nd period - Josh Norris wins face-off versus Drake Batherson in DETROIT Red Wings zone.
5:24 of 2nd period - Josh Norris is hit by Morgan Rielly and loses puck.
5:53 of 2nd period - Shot by Alex Tuch.
5:53 of 2nd period - Shot Misses the Net.
5:55 of 2nd period - Shot by Alex Tuch.
5:55 of 2nd period - Shot Misses the Net.
5:57 of 2nd period - Shot by Alex Tuch.
5:57 of 2nd period - Stopped by Elvis Merzlikins with a rebound.
6:11 of 2nd period - Shot by John Tavares.
6:11 of 2nd period - Stopped by Elvis Merzlikins without a rebound.
6:12 of 2nd period - Nathan Mackinnon wins face-off versus Mark Kastelic in DETROIT Red Wings zone.
6:22 of 2nd period - Icing by Evan Bouchard.
6:23 of 2nd period - Mark Kastelic wins face-off versus Jamie Benn in OTTAWA Senators zone.
6:23 of 2nd period - Mark Kastelic is hit by Tanner Jeannot.
6:28 of 2nd period - Off-side.
6:29 of 2nd period - Jamie Benn wins face-off versus Josh Norris in neutral zone.
7:02 of 2nd period - Shot by Adrian Kempe.
7:02 of 2nd period - Shot Misses the Net.
7:43 of 2nd period - Shot by Alex Tuch.
7:43 of 2nd period - Goal by Alex Tuch - DETROIT Red Wings : 4 - OTTAWA Senators : 5.
7:44 of 2nd period - Mark Kastelic wins face-off versus Mike Amadio in neutral zone.
7:49 of 2nd period - Shot by Mark Kastelic.
7:49 of 2nd period - Shot Blocked by Valeri Nichushkin.
8:13 of 2nd period - Mike Amadio is hit by Alexander Edler and loses puck.
8:18 of 2nd period - Shot by Valeri Nichushkin.
8:18 of 2nd period - Stopped by Connor Hellebuyck without a rebound.
8:19 of 2nd period - John Tavares wins face-off versus Mikko Rantanen in OTTAWA Senators zone.
8:42 of 2nd period - Shot by Mikko Rantanen.
8:42 of 2nd period - Stopped by Connor Hellebuyck without a rebound.
8:43 of 2nd period - Jamie Benn wins face-off versus Josh Norris in OTTAWA Senators zone.
9:17 of 2nd period - Shot by Josh Norris.
9:17 of 2nd period - Shot Blocked by Nathan Mackinnon.
9:19 of 2nd period - Shot by Josh Norris.
9:19 of 2nd period - Shot Blocked by Erik Karlsson.
9:21 of 2nd period - Shot by Travis Sanheim.
9:21 of 2nd period - Stopped by Elvis Merzlikins without a rebound.
9:22 of 2nd period - John Tavares wins face-off versus Drake Batherson in DETROIT Red Wings zone.
9:42 of 2nd period - Icing by Jake Bean.
9:43 of 2nd period - Drake Batherson wins face-off versus Filip Chytil in DETROIT Red Wings zone.
9:50 of 2nd period - Shot by Mark Stone.
9:50 of 2nd period - Deflect By Mikko Rantanen.
9:50 of 2nd period - Stopped by Connor Hellebuyck without a rebound.
9:51 of 2nd period - Jamie Benn wins face-off versus John Tavares in OTTAWA Senators zone.
9:54 of 2nd period - Shot by Nathan Mackinnon.
9:54 of 2nd period - Shot Misses the Net.
9:58 of 2nd period - Shot by Nathan Mackinnon.
9:58 of 2nd period - Shot Misses the Net.
11:49 of 2nd period - Shot by Valeri Nichushkin.
11:49 of 2nd period - Shot Misses the Net.
12:16 of 2nd period - Icing by Alexander Edler.
12:17 of 2nd period - Chris Kreider wins face-off versus Filip Chytil in OTTAWA Senators zone.
12:35 of 2nd period - Shot by Filip Chytil.
12:35 of 2nd period - Shot Blocked by Erik Karlsson.
12:37 of 2nd period - Shot by Filip Chytil.
12:37 of 2nd period - Deflect By Robert Thomas.
12:37 of 2nd period - Stopped by Elvis Merzlikins without a rebound.
12:38 of 2nd period - John Tavares wins face-off versus Tanner Jeannot in DETROIT Red Wings zone.
12:45 of 2nd period - Shot by Steven Stamkos.
12:45 of 2nd period - Shot Misses the Net.
12:47 of 2nd period - Shot by Alex Tuch.
12:47 of 2nd period - Shot Blocked by Jake Bean.
12:49 of 2nd period - Shot by Charlie McAvoy.
12:49 of 2nd period - Stopped by Elvis Merzlikins with a rebound.
12:51 of 2nd period - Shot by Alex Tuch.
12:51 of 2nd period - Stopped by Elvis Merzlikins with a rebound.
12:53 of 2nd period - Shot by John Tavares.
12:53 of 2nd period - Stopped by Elvis Merzlikins without a rebound.
12:54 of 2nd period - Drake Batherson wins face-off versus Mark Kastelic in DETROIT Red Wings zone.
12:54 of 2nd period - Mark Stone is hit by Blake Comeau and loses puck.
13:27 of 2nd period - Shot by Owen Tippett.
13:27 of 2nd period - Stopped by Elvis Merzlikins without a rebound.
13:28 of 2nd period - John Tavares wins face-off versus Jamie Benn in DETROIT Red Wings zone.
14:10 of 2nd period - Icing by Morgan Rielly.
14:11 of 2nd period - Jamie Benn wins face-off versus Adrian Kempe in DETROIT Red Wings zone.
15:38 of 2nd period - Shot by Drake Batherson.
15:38 of 2nd period - Stopped by Connor Hellebuyck without a rebound.
15:39 of 2nd period - Filip Chytil wins face-off versus Noah Gregor in OTTAWA Senators zone.
15:44 of 2nd period - Shot by Robert Thomas.
15:44 of 2nd period - Stopped by Elvis Merzlikins without a rebound.
15:45 of 2nd period - John Tavares wins face-off versus Jamie Benn in DETROIT Red Wings zone.
15:52 of 2nd period - Cale Makar is hit by Nathan Mackinnon and loses puck.
16:46 of 2nd period - Devon Toews is hit by Alexander Edler and loses puck.
16:52 of 2nd period - Evan Bouchard is hit by Drake Batherson and loses puck.
17:01 of 2nd period - Shot by Barrett Hayton.
17:01 of 2nd period - Stopped by Elvis Merzlikins without a rebound.
17:02 of 2nd period - Mark Kastelic wins face-off versus Mike Amadio in DETROIT Red Wings zone.
17:04 of 2nd period - Owen Tippett is hit by Morgan Rielly and loses puck.
17:20 of 2nd period - Shot by Blake Comeau.
17:20 of 2nd period - Stopped by Elvis Merzlikins without a rebound.
17:21 of 2nd period - Drake Batherson wins face-off versus Filip Chytil in DETROIT Red Wings zone.
18:24 of 2nd period - Shot by Chris Kreider.
18:24 of 2nd period - Deflect By Nathan Mackinnon.
18:24 of 2nd period - Shot Misses the Net.
18:29 of 2nd period - Off-side.
18:30 of 2nd period - Josh Norris wins face-off versus Mike Amadio in neutral zone.
18:41 of 2nd period - Shot by Gabriel Landeskog.
18:41 of 2nd period - Deflect By Mike Amadio.
18:41 of 2nd period - Stopped by Connor Hellebuyck without a rebound.
18:42 of 2nd period - John Tavares wins face-off versus Jamie Benn in OTTAWA Senators zone.
18:42 of 2nd period - John Tavares is hit by Chris Kreider.
Goals for this period are 0 for DETROIT Red Wings vs 1 for OTTAWA Senators.
Shots for this period are 6 for DETROIT Red Wings vs 13 for OTTAWA Senators.

3rd period


0:01 of 3rd period - John Tavares wins face-off versus Jamie Benn in neutral zone.
0:01 of 3rd period - John Tavares is hit by Nathan Mackinnon.
0:20 of 3rd period - Shot by Devon Toews.
0:20 of 3rd period - Shot Blocked by Travis Sanheim.
0:35 of 3rd period - Off-side.
0:36 of 3rd period - Adrian Kempe wins face-off versus Mike Amadio in neutral zone.
1:17 of 3rd period - Icing by Morgan Rielly.
1:18 of 3rd period - Mike Amadio wins face-off versus John Tavares in DETROIT Red Wings zone.
1:55 of 3rd period - Shot by Nathan Mackinnon.
1:55 of 3rd period - Shot Misses the Net.
1:57 of 3rd period - Shot by Devon Toews.
1:57 of 3rd period - Goal by Devon Toews - DETROIT Red Wings : 5 - OTTAWA Senators : 5.
1:58 of 3rd period - Drake Batherson wins face-off versus Filip Chytil in neutral zone.
2:05 of 3rd period - Shot by Drake Batherson.
2:05 of 3rd period - Shot Misses the Net.
2:16 of 3rd period - Shot by Mikko Rantanen.
2:16 of 3rd period - Shot Misses the Net.
2:23 of 3rd period - Mikko Rantanen is hit by Cale Makar and loses puck.
2:32 of 3rd period - Shot by Mikko Rantanen.
2:32 of 3rd period - Stopped by Connor Hellebuyck without a rebound.
2:33 of 3rd period - Noah Gregor wins face-off versus Josh Norris in OTTAWA Senators zone.
2:52 of 3rd period - Shot by Adrian Kempe.
2:52 of 3rd period - Goal by Adrian Kempe - DETROIT Red Wings : 5 - OTTAWA Senators : 6.
2:53 of 3rd period - John Tavares wins face-off versus Mike Amadio in neutral zone.
2:56 of 3rd period - Shot by John Tavares.
2:56 of 3rd period - Shot Misses the Net.
3:35 of 3rd period - Shot by Alex Tuch.
3:35 of 3rd period - Stopped by Elvis Merzlikins without a rebound.
3:36 of 3rd period - Josh Norris wins face-off versus Jamie Benn in DETROIT Red Wings zone.
5:37 of 3rd period - Icing by Evan Bouchard.
5:38 of 3rd period - Filip Chytil wins face-off versus Mike Amadio in OTTAWA Senators zone.
6:08 of 3rd period - Shot by Gabriel Landeskog.
6:08 of 3rd period - Shot Misses the Net.
6:10 of 3rd period - Shot by Morgan Rielly.
6:10 of 3rd period - Stopped by Connor Hellebuyck with a rebound.
6:35 of 3rd period - Icing by Nathan Mackinnon.
6:36 of 3rd period - Jamie Benn wins face-off versus Blake Comeau in DETROIT Red Wings zone.
7:06 of 3rd period - Icing by Charlie McAvoy.
7:07 of 3rd period - Mark Kastelic wins face-off versus Drake Batherson in OTTAWA Senators zone.
7:13 of 3rd period - Off-side.
7:14 of 3rd period - Josh Norris wins face-off versus Drake Batherson in neutral zone.
7:59 of 3rd period - Shot by Adrian Kempe.
7:59 of 3rd period - Stopped by Elvis Merzlikins without a rebound.
8:00 of 3rd period - Jamie Benn wins face-off versus John Tavares in DETROIT Red Wings zone.
8:06 of 3rd period - Devon Toews is hit by Zach Werenski and loses puck.
8:58 of 3rd period - Off-side.
8:59 of 3rd period - Filip Chytil wins face-off versus Mike Amadio in neutral zone.
9:38 of 3rd period - Shot by Sami Niku.
9:38 of 3rd period - Shot Misses the Net.
11:02 of 3rd period - Devon Toews is hit by Steven Stamkos and loses puck.
11:08 of 3rd period - Erik Karlsson is hit by Zach Werenski.
11:22 of 3rd period - Shot by Jamie Benn.
11:22 of 3rd period - Shot Misses the Net.
11:53 of 3rd period - Minor Penalty to Travis Sanheim for Tripping.
11:54 of 3rd period - Drake Batherson wins face-off versus Blake Comeau in OTTAWA Senators zone.
12:04 of 3rd period - Icing by Mikko Rantanen.
12:05 of 3rd period - John Tavares wins face-off versus Drake Batherson in DETROIT Red Wings zone.
12:28 of 3rd period - Erik Karlsson is hit by Blake Comeau and loses puck.
12:51 of 3rd period - Shot by Morgan Rielly.
12:51 of 3rd period - Stopped by Connor Hellebuyck without a rebound.
12:52 of 3rd period - John Tavares wins face-off versus Jamie Benn in OTTAWA Senators zone.
12:52 of 3rd period - John Tavares is hit by Jamie Benn.
13:14 of 3rd period - Shot by Jake Bean.
13:14 of 3rd period - Stopped by Connor Hellebuyck with a rebound.
13:16 of 3rd period - Shot by Nathan Mackinnon.
13:16 of 3rd period - Stopped by Connor Hellebuyck with a rebound.
13:18 of 3rd period - Shot by Jake Bean.
13:18 of 3rd period - Goal by Jake Bean - DETROIT Red Wings : 6 - OTTAWA Senators : 6.
13:19 of 3rd period - Josh Norris wins face-off versus Mike Amadio in neutral zone.
13:25 of 3rd period - Off-side.
13:26 of 3rd period - Josh Norris wins face-off versus Gabriel Landeskog in neutral zone.
13:57 of 3rd period - Shot by Adrian Kempe.
13:57 of 3rd period - Shot Misses the Net.
14:05 of 3rd period - Shot by Valeri Nichushkin.
14:05 of 3rd period - Stopped by Connor Hellebuyck with a rebound.
14:56 of 3rd period - Icing by Cale Makar.
14:57 of 3rd period - Mark Kastelic wins face-off versus Drake Batherson in OTTAWA Senators zone.
15:28 of 3rd period - Steven Stamkos is hit by Drake Batherson and loses puck.
16:12 of 3rd period - Shot by Valeri Nichushkin.
16:12 of 3rd period - Stopped by Connor Hellebuyck without a rebound.
16:13 of 3rd period - Filip Chytil wins face-off versus Jamie Benn in OTTAWA Senators zone.
16:44 of 3rd period - Shot by Filip Chytil.
16:44 of 3rd period - Stopped by Elvis Merzlikins with a rebound.
16:46 of 3rd period - Shot by Robert Thomas.
16:46 of 3rd period - Stopped by Elvis Merzlikins without a rebound.
16:47 of 3rd period - Mike Amadio wins face-off versus Josh Norris in DETROIT Red Wings zone.
17:20 of 3rd period - Shot by Valeri Nichushkin.
17:20 of 3rd period - Shot Misses the Net.
17:22 of 3rd period - Shot by Valeri Nichushkin.
17:22 of 3rd period - Stopped by Connor Hellebuyck without a rebound.
17:23 of 3rd period - John Tavares wins face-off versus Noah Gregor in OTTAWA Senators zone.
17:30 of 3rd period - Shot by Alex Tuch.
17:30 of 3rd period - Stopped by Elvis Merzlikins without a rebound.
17:31 of 3rd period - John Tavares wins face-off versus Noah Gregor in DETROIT Red Wings zone.
17:35 of 3rd period - Minor Penalty to Alex Tuch for Delaying the game.
17:36 of 3rd period - Jamie Benn wins face-off versus John Tavares in OTTAWA Senators zone.
18:58 of 3rd period - Shot by Jake Bean.
18:58 of 3rd period - Stopped by Connor Hellebuyck without a rebound.
18:59 of 3rd period - John Tavares wins face-off versus Drake Batherson in OTTAWA Senators zone.
19:25 of 3rd period - Shot by Jake Bean.
19:25 of 3rd period - Shot Misses the Net.
19:27 of 3rd period - Shot by Jake Bean.
19:27 of 3rd period - Shot Misses the Net.
19:29 of 3rd period - Shot by Jake Bean.
19:29 of 3rd period - Shot Blocked by Travis Sanheim.
19:31 of 3rd period - Shot by Mark Stone.
19:31 of 3rd period - Shot Misses the Net.
19:52 of 3rd period - Shot by Valeri Nichushkin.
19:52 of 3rd period - Stopped by Connor Hellebuyck without a rebound.
19:53 of 3rd period - Noah Gregor wins face-off versus Josh Norris in OTTAWA Senators zone.
19:53 of 3rd period - Jamie Benn is hit by Cale Makar and loses puck.
Goals for this period are 2 for DETROIT Red Wings vs 1 for OTTAWA Senators.
Shots for this period are 12 for DETROIT Red Wings vs 6 for OTTAWA Senators.

Overtime #1


0:01 of 1st overtime period - Steven Stamkos wins face-off versus Mikko Rantanen in neutral zone.
0:20 of 1st overtime period - Shot by Steven Stamkos.
0:20 of 1st overtime period - Stopped by Elvis Merzlikins without a rebound.
0:21 of 1st overtime period - Mikko Rantanen wins face-off versus Steven Stamkos in DETROIT Red Wings zone.
0:30 of 1st overtime period - Shot by Mikko Rantanen.
0:30 of 1st overtime period - Shot Blocked by Cale Makar.
1:22 of 1st overtime period - Shot by Valeri Nichushkin.
1:22 of 1st overtime period - Stopped by Connor Hellebuyck without a rebound.
1:23 of 1st overtime period - Mikko Rantanen wins face-off versus Steven Stamkos in OTTAWA Senators zone.
1:28 of 1st overtime period - Shot by Mikko Rantanen.
1:28 of 1st overtime period - Shot Misses the Net.
1:30 of 1st overtime period - Shot by Mikko Rantanen.
1:30 of 1st overtime period - Stopped by Connor Hellebuyck with a rebound.
1:32 of 1st overtime period - Shot by Mikko Rantanen.
1:32 of 1st overtime period - Shot Blocked by Cale Makar.
2:32 of 1st overtime period - Shot by Sami Niku.
2:32 of 1st overtime period - Stopped by Connor Hellebuyck without a rebound.
2:33 of 1st overtime period - Josh Norris wins face-off versus Mikko Rantanen in OTTAWA Senators zone.
2:54 of 1st overtime period - Shot by Adrian Kempe.
2:54 of 1st overtime period - Shot Misses the Net.
3:28 of 1st overtime period - Icing by Sami Niku.
3:29 of 1st overtime period - Steven Stamkos wins face-off versus Drake Batherson in DETROIT Red Wings zone.
3:32 of 1st overtime period - Shot by John Tavares.
3:32 of 1st overtime period - Shot Misses the Net.
4:11 of 1st overtime period - Icing by Devon Toews.
4:12 of 1st overtime period - Mikko Rantanen wins face-off versus Josh Norris in DETROIT Red Wings zone.
4:29 of 1st overtime period - Shot by Mikko Rantanen.
4:29 of 1st overtime period - Stopped by Connor Hellebuyck with a rebound.
4:52 of 1st overtime period - Shot by Valeri Nichushkin.
4:52 of 1st overtime period - Shot Misses the Net.
4:54 of 1st overtime period - Shot by Jake Bean.
4:54 of 1st overtime period - Stopped by Connor Hellebuyck without a rebound.
4:55 of 1st overtime period - Steven Stamkos wins face-off versus Mikko Rantanen in OTTAWA Senators zone.
Goals for this period are 0 for DETROIT Red Wings vs 0 for OTTAWA Senators.
Shots for this period are 5 for DETROIT Red Wings vs 1 for OTTAWA Senators.

ShootOut


5:00 of 1st overtime period - Round #1.
5:00 of 1st overtime period - DETROIT Red Wings, Jamie Benn.
5:00 of 1st overtime period - Stopped by Connor Hellebuyck.
5:00 of 1st overtime period - OTTAWA Senators, John Tavares.
5:00 of 1st overtime period - Stopped by Elvis Merzlikins.
5:00 of 1st overtime period - Round #2.
5:00 of 1st overtime period - DETROIT Red Wings, Nathan Mackinnon.
5:00 of 1st overtime period - Goal by Nathan Mackinnon.
5:00 of 1st overtime period - OTTAWA Senators, Alex Tuch.
5:00 of 1st overtime period - Stopped by Elvis Merzlikins.
5:00 of 1st overtime period - Round #3.
5:00 of 1st overtime period - DETROIT Red Wings, Chris Kreider.
5:00 of 1st overtime period - Shot Misses the Net.
5:00 of 1st overtime period - OTTAWA Senators, Martin Necas.
5:00 of 1st overtime period - Goal by Martin Necas.
5:00 of 1st overtime period - Round #4.
5:00 of 1st overtime period - DETROIT Red Wings, Drake Batherson.
5:00 of 1st overtime period - Shot Misses the Net.
5:00 of 1st overtime period - OTTAWA Senators, Steven Stamkos.
5:00 of 1st overtime period - Shot Misses the Net.
5:00 of 1st overtime period - Round #5.
5:00 of 1st overtime period - DETROIT Red Wings, Mark Stone.
5:00 of 1st overtime period - Goal by Mark Stone.
5:00 of 1st overtime period - OTTAWA Senators, Adrian Kempe.
5:00 of 1st overtime period - Stopped by Elvis Merzlikins.